 Seeded DCSS version 0.27.1-2-g3b301248ec (webtiles) character file.

Game seed: 14551798346683263451 (custom seed)

97 babuloseo the Digger (level 5, 6/34 (35) HPs)
             Began as a Human Earth Elementalist on Sept 30, 2021.
             Was a Follower of Dithmenos.
             Quit the game on level 3 of the Dungeon.
             The game lasted 00:06:51 (2630 turns).

babuloseo the Digger (Human Earth Elementalist)     Turns: 2630, Time: 00:06:52

HP:   6/34 (35)     AC:  2    Str:  8    XL:     5   Next: 0%
MP:   9/9           EV: 12    Int: 17    God:    Dithmenos [*.....]
Gold: 97            SH:  0    Dex: 13    Spells: 3/9 levels left

rFire    . . .     SeeInvis .   d - +2 dagger (venom)
rCold    . . .     Faith    .   (no shield)
rNeg     . . .     Spirit   .   b - +0 robe
rPois    .         Reflect  .   (no helmet)
rElec    .         Harm     .   (no cloak)
rCorr    .         Rampage  .   (no gloves)
Will     .....                  (no boots)
Stlth    ++........             (no amulet)
HPRegen  0.11/turn              (no ring)
MPRegen  0.11/turn              (no ring)

@: wreathed by umbra, lightly drained
A: no striking features
a: Renounce Religion


You were on level 3 of the Dungeon.
You worshipped Dithmenos.
Dithmenos was aware of your devotion.
You visited 1 branch of the dungeon, and saw 3 of its levels.

You collected 97 gold pieces.

Inventory:

Hand Weapons
 a - a +0 whip
 d - a +2 dagger of venom (weapon)
 l - a +3 quarterstaff of chaos
Missiles
 c - 107 stones
 g - 8 javelins
Armour
 b - a +0 robe (worn)
 m - a +0 cloak
Scrolls
 e - a scroll of magic mapping {unknown}
 h - a scroll of torment {unknown}
 i - 2 scrolls of enchant armour {unknown}
 j - 2 scrolls of identify {unknown}
 q - a scroll of blinking {unknown}
Potions
 f - a potion of ambrosia {unknown}
 k - a potion of brilliance {unknown}
 n - 2 potions of curing {unknown}
 o - 3 potions of attraction {unknown}
 p - a potion of degeneration {unknown}


   Skills:
 + Level 2.8 Dodging
 - Level 2.0 Stealth
 + Level 2.7 Spellcasting
 + Level 0.1 Conjurations
 - Level 1.0 Transmutations
 * Level 4.3 Earth Magic


You had 3 spell levels left.
You knew the following spells:

 Your Spells              Type           Power      Damage    Failure   Level
a - Sandblast             Erth           34%        2d9       3%          1
b - Stone Arrow           Conj/Erth      18%        3d8       22%         3
c - Searing Ray           Conj           4%         3d3       26%         2

Your spell library contained the following spells:

 Spells                   Type           Power      Damage    Failure   Level
 Passwall                 Tmut/Erth      9%         N/A       9%          2
 Magic Dart               Conj           8%         1d3       17%         1
 Call Imp                 Summ           2%         N/A       26%         2
 Mephitic Cloud           Conj/Pois/Air  2%         N/A       47%         3
 Petrify                  Tmut/Erth      11%        N/A       52%         4
 Fulminant Prism          Conj/Hex       1%         3d6       86%         4
 Borgnjor's Vile Clutch   Necr/Erth      4%         N/A       90%         5
 Alistair's Intoxication  Tmut/Pois      2%         N/A       99%         5
 Eringya's Noxious Bog    Tmut/Pois      2%         N/A       100%        6


Dungeon Overview and Level Annotations

Branches:
Dungeon (3/15)

Altars:
Dithmenos
Qazlal


Message History

The worm misses you.
A worm is nearby!
You hit the worm.
The worm looks as sick as possible!
The worm is lightly wounded.
A worm is nearby!
You barely miss the worm.
The worm is moderately wounded.
The worm barely misses you.
A worm is nearby!
You hit the worm.
The worm looks as sick as possible!
The worm is heavily wounded.
A worm is nearby!
You hit the worm.
The worm is severely wounded.
The worm bites you!
A worm is nearby!
You are too injured to fight recklessly!
You are too injured to fight recklessly!
A worm is nearby!
A worm is nearby!
You are too injured to fight recklessly!
You are too injured to fight recklessly!
A worm is nearby!
You are too injured to fight recklessly!
A worm is nearby!
You are too injured to fight recklessly!
A worm is nearby!
You are too injured to fight recklessly!
You are too injured to fight recklessly!
You barely miss the worm.
The worm is almost dead.
The worm bites you!
* * * LOW HITPOINT WARNING * * *
You hit the worm.
The worm is almost dead.
You kill the worm!
Dithmenos accepts your kill.
You have reached level 5!
Found a stone staircase leading up.
Are you sure you want to abandon this character and quit the game? (Confirm with "yes".)

.# ######
#.######### .#
#########.........#
.#
#.......#########.#
.# #.......# #.# .#
#.......# #.#
.##### #.......##
#.# ......#
#...<....########.#
......#
#..............#.#
......#
#...@..........#.#
+######
#..............#.#
.##
#................#
..#
#..............###
..#
#..............#
..#
#.........######
.## #.........# .#
#.........# .#


There were no monsters in sight!

Vanquished Creatures
  Crazy Yiuf (D:2)
  An adder (D:2)
  An adder skeleton (D:2)
  A worm (D:3)
  A dart slug (D:1)
  4 orcs (D:3)
  4 bats
  2 endoplasms (D:1)
  A giant cockroach (D:1)
  4 goblins
  10 hobgoblins
  3 kobolds
  A quokka (D:2)
  5 ball pythons
  2 frilled lizards (D:1)
  3 rats (D:2)
44 creatures vanquished.

Notes
Turn   | Place    | Note
-------+----------+-------------------------------------------
     0 | D:1      | babuloseo the Human Earth Elementalist began the quest for
                  | the Orb.
     0 | D:1      | Reached XP level 1. HP: 13/13 MP: 3/3
   203 | D:1      | Reached XP level 2. HP: 19/19 MP: 0/5
   763 | D:2      | Found a stormy altar of Qazlal.
   765 | D:2      | Reached XP level 3. HP: 24/24 MP: 4/6
   769 | D:2      | Learned a level 3 spell: Stone Arrow
  1042 | D:2      | Learned a level 2 spell: Searing Ray
  1225 | D:2      | Identified a scroll of acquirement
  1225 | D:2      | Acquired Great Wizards, Vol. II
  1282 | D:2      | Found a runed translucent door.
  1283 | D:2      | Noticed Crazy Yiuf
  1335 | D:2      | Reached XP level 4. HP: 29/30 MP: 7/7
  1379 | D:2      | Killed Crazy Yiuf
  1380 | D:2      | Reached skill level 4 in Earth Magic
  1584 | D:2      | Found Gisot's Antique Weapon Boutique.
  1803 | D:3      | Found a faded altar of an unknown god.
  1813 | D:3      | Became a worshipper of Dithmenos the Shadowed
  1813 | D:3      | Reached * piety under Dithmenos
  2623 | D:3      | Reached XP level 5. HP: 5/34 MP: 9/9
  2630 | D:3      | Quit the game

Illustrated notes

Levels and vault maps discovered:
D:1:      lemuel_arrival_river_bridge, layout_rooms
D:2:      layout_loops_cross, basic_altar, serial_shops, shop,
          minmay_goblin_kobold_house, uniq_crazy_yiuf_cottage, uniq_robin
D:3:      layout_basic, grunt_gozag_breadcrumbs,
          hellmonk_ecumenical_altar_heavens_door

Skill      XL: |  1  2  3  4 |
---------------+-------------+-----
Earth Magic    | 4 |  4.3
Dodging        | |  2.8
Stealth        | |  2.0
Spellcasting   | |  2.7
Conjurations   | |  0.1
Transmutations | |  1.0

Action                   |  1- 3 |  4- 6 || total
-------------------------+-------+-------++-------
Melee: Dagger            |    30 |    35 ||    65
 Cast: Sandblast         |    19 |     4 ||    23
       Searing Ray       |     1 |     1 ||     2
  Use: Scroll            |     1 |       ||     1
 Stab: Sleeping          |     2 |       ||     2
       Distracted        |     1 |       ||     1
Armor: Robe              |     8 |     2 ||    10
Dodge: Dodged            |    12 |    17 ||    29
